Map: Акрополь РВ

Players

Murena

  • Race: Terran Terran
  • Spawn Location: 11:00

ИИ 1 (эксперт) - Winner!

  • Race: Protoss Protoss
  • Spawn Location: 5:00

VOD

Have the link to the VOD?

Description

Time

  • Played on: Aug. 7, 2019, 8:24 a.m.
  • Length: 12:20
Show
View Real Time Build Order
Export as new Build Order

Murena Terran 

Build Orders: 1/1/1 

Get SALT Encoding   

  12  0:01  SCV  
  13  0:13  Refinery  
  13  0:16  SCV  
  14  0:26  Supply Depot  
  14  0:28  SCV  
  15  0:48  SCV  
  16  0:51  Barracks  
  16  1:00  SCV  
  17  1:05  Supply Depot  
  17  1:13  SCV  
  17  1:16  Refinery  
  18  1:25  SCV  
  19  1:37  SCV  
  19  1:38  Factory  
  20  1:44  Marine  
  21  1:53  Orbital Command  
  21  2:02  Marine  
  22  2:18  SCV  
  22  2:21  Barracks Reactor  
  23  2:28  Starport  
  23  2:29  Widow Mine  
  25  2:33  Supply Depot  
  25  2:34  SCV  
  26  2:45  Starport  
  26  2:46  SCV  
  27  2:57  Marine x2  
  29  3:00  SCV  
  29  3:04  Supply Depot  
  30  3:06  Starport Tech Lab  
  30  3:12  SCV  
  31  3:16  Marine  
  31  3:17  Marine  
  33  3:22  Starport Tech Lab  
  33  3:24  Banshee  
  36  3:28  SCV  
  37  3:40  Banshee  
  40  3:45  SCV  
  41  4:01  Command Center  
  41  4:06  SCV  
  41  4:07  Banshee  
  45  4:14  Supply Depot  
  45  4:17  Marine  
  45  4:19  Marine  
  47  4:27  Starport  
  47  4:37  Banshee  
  50  4:39  SCV  
  50  4:44  Supply Depot  
  51  4:48  Engineering Bay  
  51  4:51  Banshee  
  54  4:55  Cloaking Field  
  54  4:59  SCV  
  55  5:03  Starport Tech Lab  
  55  5:13  Orbital Command  
  55  5:15  SCV  
  56  5:21  Bunker  
  56  5:27  Banshee  
  59  5:31  Hyperflight Rotors  
  59  5:38  SCV  
  59  5:42  SCV, Refinery  
  61  5:44  Refinery  
  61  5:46  Missile Turret  
  61  5:52  Missile Turret  
  61  5:56  Banshee  
  64  5:58  SCV  
  64  6:00  SCV  
  66  6:06  Banshee  
  66  6:10  Supply Depot  
  69  6:14  SCV x2  
  71  6:19  Viking  
  71  6:25  Factory Tech Lab  
  73  6:30  Barracks  
  73  6:31  SCV  
  75  6:32  SCV  
  75  6:33  Barracks  
  75  6:47  Factory  
  75  6:50  SCV, Armory  
  75  6:51  SCV, Factory  
Show
View Real Time Build Order
Export as new Build Order

ИИ 1 (эксперт) Protoss - Winner!

Build Orders: 1 Gate Expand, Zealot Archon 

Get SALT Encoding   

  12  0:00  Probe  
  13  0:13  Probe  
  14  0:20  Pylon  
  14  0:25  Probe  
  15  0:34  Probe  
  15  0:42  Probe  
  17  0:51  Gateway  
  17  0:52  Probe  
  18  1:00  Probe  
  19  1:13  Probe  
  19  1:16  Nexus  
  20  1:26  Probe  
  21  1:36  Pylon  
  21  1:37  Zealot  
  23  1:45  Cybernetics Core  
  23  1:48  Assimilator  
  23  1:54  Probe  
  24  2:02  Probe  
  25  2:10  Probe  
  26  2:19  Probe  
  26  2:21  Pylon  
  27  2:27  Probe  
  27  2:28  Probe  
  28  2:33  Gateway  
  28  2:35  Warp Gate  
  29  2:37  Probe  
  29  2:39  Assimilator  
  30  2:48  Probe  
  31  2:53  Stalker  
  31  2:54  Pylon  
  31  2:55  Probe  
  34  3:04  Probe x2  
  35  3:12  Probe  
  36  3:16  Probe  
  36  3:19  Adept  
  40  3:21  Probe  
  40  3:23  Adept  
  40  3:25  Probe  
  44  3:37  Probe, Stargate  
  44  3:40  Probe  
  45  3:48  Probe  
  46  3:49  Adept  
  46  3:50  Adept  
  46  3:52  Probe  
  52  4:03  Gateway  
  52  4:10  Probe  
  52  4:12  Pylon, Probe  
  52  4:15  Zealot, Stargate  
  54  4:20  Pylon  
  56  4:28  Zealot  
  58  4:42  Void Ray  
  58  4:43  Probe x2  
  58  4:45  Pylon  
  64  4:53  Gateway  
  64  4:55  Probe x2  
  66  5:03  Pylon  
  66  5:08  Probe  
  66  5:10  Void Ray, Probe  
  72  5:17  Pylon  
  72  5:24  Stalker  
  72  5:26  Assimilator  
  74  5:40  Twilight Council, Nexus  
  74  5:44  Forge  
  74  5:45  Assimilator  
  74  5:48  Probe  
  75  5:59  Forge  
  75  6:08  Probe x2  
  77  6:13  Pylon  
  77  6:21  Templar Archives  
  77  6:28  Stalker, Zealot  
  77  6:29  Photon Cannon  
  77  6:32  Stalker  
  83  6:35  Photon Cannon  
  83  6:39  Photon Cannon  
  83  6:43  Sentry  
  83  6:44  Pylon  
  85  6:47  Stalker  
  85  6:52  Probe  
  85  6:53  Probe x2  
  90  7:00  High Templar  
  92  7:01  Assimilator  
  92  7:02  Pylon, High Templar  
  92  7:04  Probe  
  92  7:05  Probe x2  
  92  7:06  Stalker, Assimilator  
  99  7:09  Photon Cannon  
  99  7:15  Probe  
  99  7:17  Probe  
  99  7:18  Probe  
  99  7:21  Robotics Facility  
  102  7:23  Probe  
  102  7:24  Archon  
  102  7:25  Photon Cannon  
  102  7:29  High Templar, Probe  
  106  7:30  Probe  
  106  7:31  Probe  
  106  7:34  Pylon  
  107  7:39  Probe  
  107  7:41  Probe  
  107  7:43  Probe  
  108  7:46  High Templar  
  108  7:47  Probe  
  108  7:50  Probe  
  102  7:55  Probe  
  102  7:56  Probe  
  105  7:58  Probe  
  106  8:06  Pylon  
  106  8:08  Observer  
  106  8:09  Pylon  
  103  8:27  Stalker, Sentry, Probe x2  
  103  8:28  Pylon  
  109  8:34  Pylon  
  109  8:39  Probe  
  110  8:43  Probe  
  110  8:46  Stalker, Nexus  
  113  8:49  Archon  
  113  8:50  High Templar, Stalker  
  113  8:51  Probe x2  
  113  8:54  Assimilator  
  118  9:00  Pylon  
  118  9:03  Probe  
  118  9:08  Stalker  
  118  9:09  Stalker  
  123  9:18  Phoenix, Probe x2  
  123  9:21  Pylon  
  123  9:22  High Templar  
  123  9:24  Gateway  
  127  9:33  High Templar  
  127  9:37  Photon Cannon  
  129  9:40  Photon Cannon  
  129  9:42  Probe  
  129  9:44  Photon Cannon, Phoenix  
  131  9:46  Archon  
  131  9:48  Probe  
  131  9:50  Probe  
  131  9:52  Pylon  
  121  9:54  Photon Cannon  
  121  9:55  Stalker, Probe  
  121  9:56  Probe  
  121  9:58  Probe  
  123  10:01  Nexus  
  123  10:03  Probe  
  125  10:07  High Templar, Probe  
  125  10:08  Probe  
  125  10:09  Phoenix  
  125  10:12  Probe  
  132  10:20  Probe  
  134  10:22  Probe, Templar Archives  
  134  10:25  Pylon  
  135  10:30  Pylon  
  135  10:33  Probe x2  
  135  10:35  Probe  
  133  10:45  Photon Cannon, Probe x2  
  135  10:52  Stalker  
  135  10:53  Gateway  
  135  10:55  Photon Cannon  
  137  10:58  Pylon, High Templar  
  137  11:01  Pylon  
  143  11:08  Pylon  
  143  11:15  Probe x2  
  143  11:16  Robotics Facility  
  141  11:22  Assimilator  
  141  11:24  Sentry  
  143  11:26  Pylon  
  143  11:28  Pylon  
  143  11:31  Assimilator  
  143  11:34  Probe x2  
  143  11:37  Stalker, Probe x2  
  143  11:38  Pylon  
  139  11:40  Photon Cannon  
  139  11:46  Probe x2  
  135  11:48  Stalker, Gateway, Sentry  
  135  11:49  Probe  
  135  11:51  Probe  
  139  11:58  Probe x2  
  139  11:59  Photon Cannon  
  139  12:01  Probe  
  134  12:03  Probe  
  134  12:13  Archon  
  134  12:14  High Templar  
Tags
 
Add a new tag
Caveats
  • Supply blocks, unpowered buildings, or Contaminate may cause inaccurate times.
  • Supply counts are checked every 10 seconds.